 Dungeon Crawl Stone Soup version 0.29-a0-284-gf9362112df (webtiles) character file.

Game seed: 13015934723510149424

283512 freelancePsychic the Stormcaller (level 20, -20/141 (178) HPs)
             Began as a Black Draconian Summoner on Mar 22, 2022.
             Was the Champion of Vehumet.
             Demolished by an orc warlord
             ... wielding a +2 great sword of draining
              (28 damage)
             ... on level 4 of the Vaults on Mar 23, 2022.
             The game lasted 02:09:07 (46520 turns).

freelancePsychic the Stormcaller (DrSu)            Turns: 46520, Time: 02:09:07

HP:   -20/141 (178) AC: 20    Str: 15    XL:     20   Next: 12%
MP:   16/37         EV: 17    Int: 27    God:    Vehumet [******]
Gold: 1789          SH: 18    Dex: 15    Spells: 5/45 levels left

rFire   + . .      SeeInvis .   Y - staff of air
rCold   . . .      Faith    .   L - +5 kite shield {reflect}
rNeg    . . .      Spirit   .   (body armour unavailable)
rPois   .          Reflect  +   U - +2 hat {Will+}
rElec   +          Harm     .   k - +2 cloak
rCorr   .          Rampage  .   m - +2 pair of gloves
Will    ++...                   b - +1 pair of boots
Stlth   ++........              A - amulet of regeneration
HPRegen 1.13/turn               c - +6 ring of intelligence
MPRegen 0.25/turn               T - ring of Wocurruin {rF+ Str+4}

@: flying, heavily drained
A: breathe lightning, AC +10, unfitting armour, big wings, electricity
resistance, cold-blooded
}: 1/15 runes: gossamer
a: Breathe Lightning, Renounce Religion


You were on level 4 of the Vaults.
You worshipped Vehumet.
Vehumet was exalted by your worship.
You visited 8 branches of the dungeon, and saw 36 of its levels.
You also visited: Ossuary, Bailey, Gauntlet and Volcano.

You collected 4346 gold pieces.
You spent 2557 gold pieces at shops.

Inventory:

Missiles
 C - 3 throwing nets
Armour
 b - a +1 pair of boots (worn)
 k - a +2 cloak (worn)
 m - a +2 pair of gloves (worn)
 L - a +5 kite shield of reflection (worn)
 U - a +2 hat of willpower (worn)
Magical Staves
 w - a staff of fire
 x - a staff of poison
 Y - a staff of air (weapon)
Jewellery
 c - a +6 ring of intelligence (left hand)
 A - an amulet of regeneration (around neck)
 E - the amulet "Reubuse" {Reflect rElec SH+5}
   (You acquired it on level 7 of the Dungeon)

   [amulet of reflection]

   It reflects blocked missile attacks.
   rElec:     It insulates you from electricity.
   SH:        It affects your SH (+5).
 F - a ring of resist corrosion
 S - a ring of magical power
 T - the ring of Wocurruin (right hand) {rF+ Str+4}
   (You found it in a Gauntlet)

   [ring of protection from fire]

   Str:       It affects your strength (+4).
   rF:        It protects you from fire.
 X - a ring of protection from fire
 Z - a +6 ring of dexterity
Wands
 y - a wand of acid (5)
 G - a wand of iceblast (19)
 H - a wand of paralysis (28)
 O - a wand of charming (15)
 P - a wand of flame (30)
 Q - a wand of digging (10)
 V - a wand of mindburst (14)
Scrolls
 g - 3 scrolls of torment
 i - 7 scrolls of amnesia
 j - 8 scrolls of blinking
 l - 11 scrolls of teleportation {@r4}
 n - 2 scrolls of fear
 p - 6 scrolls of immolation
 v - 5 scrolls of fog
 z - 3 scrolls of brand weapon
 M - 9 scrolls of enchant weapon
 N - a scroll of summoning
 R - 6 scrolls of vulnerability
 W - 2 scrolls of magic mapping
Potions
 a - 8 potions of magic
 d - 8 potions of haste {@q3}
 e - 5 potions of might
 f - 12 potions of ambrosia
 h - 3 potions of attraction
 o - 2 potions of berserk rage
 r - 9 potions of degeneration
 s - 3 potions of cancellation
 t - 5 potions of mutation
 u - 7 potions of lignification
 B - 13 potions of curing {@q1}
 D - 6 potions of resistance
 I - 9 potions of brilliance
 J - 7 potions of heal wounds {@q2}
 K - 5 potions of invisibility
Miscellaneous
 q - a condenser vane


   Skills:
 - Level 15.0 Fighting
 - Level 11.2 Dodging
 - Level 1.7 Stealth
 * Level 12.9 Shields
 + Level 13.0 Spellcasting
 + Level 16.0 Conjurations
 - Level 4.5 Hexes
 - Level 7.4 Summonings
 - Level 7.0 Transmutations
 + Level 20.5 Air Magic
 - Level 5.4 Poison Magic


You had 5 spell levels left.
You knew the following spells:

 Your Spells              Type           Power      Damage    Failure   Level
a - Maxwell's Capacitive  Air            56%        ∞         2%          8
b - Lightning Bolt        Conj/Air       54%        1d75      1%          5
c - Chain Lightning       Conj/Air       54%        3d72      61%         9
d - Summon Lightning Spi  Summ/Air       96%        N/A       1%          4
e - Olgreb's Toxic Radia  Pois           47%        N/A       1%          4
f - Yara's Violent Unrav  Hex/Tmut       24%        3d11      4%          5
h - Irradiate             Conj/Tmut      34%        3d25      1%          5

Your spell library contained the following spells:

 Spells                   Type           Power      Damage    Failure   Level
 Fire Storm               Conj/Fire      28%        8d7       100%        9
 Shatter                  Erth           8%         3d10*     100%        9
 Magic Dart               Conj           100%       1d8       0%          1
 Shock                    Conj/Air       100%       1d9       0%          1
 Searing Ray              Conj           100%       2d8       0%          2
 Static Discharge         Conj/Air       100%       N/A       0%          2
 Swiftness                Air            100%       N/A       0%          3
 Airstrike                Air            56%        N/A       0%          4
 Beastly Appendage        Tmut           100%       N/A       1%          1
 Summon Small Mammal      Summ           100%       N/A       1%          1
 Call Imp                 Summ           55%        N/A       1%          2
 Wereblood                Tmut           53%        N/A       1%          2
 Call Canine Familiar     Summ           55%        N/A       1%          3
 Dazzling Flash           Conj/Hex       100%       N/A       1%          3
 Inner Flame              Hex/Fire       29%        N/A       1%          3
 Spider Form              Tmut/Pois      50%        N/A       1%          3
 Summon Guardian Golem    Hex/Summ       50%        N/A       1%          3
 Fulminant Prism          Conj/Hex       32%        3d16      1%          4
 Iskenderun's Mystic Bla  Conj/Tloc      57%        2d12      1%          4
 Fireball                 Conj/Fire      28%        3d12      1%          5
 Freezing Cloud           Conj/Ice/Air   45%        6-21      1%          5
 Silence                  Hex/Air        45%        N/A       1%          5
 Tukima's Dance           Hex            42%        N/A       2%          3
 Animate Skeleton         Necr           34%        N/A       6%          1
 Apportation              Tloc           34%        N/A       6%          1
 Pain                     Necr           68%        1d7       6%          1
 Sublimation of Blood     Necr           17%        N/A       9%          2
 Cause Fear               Hex            21%        N/A       9%          4
 Alistair's Intoxication  Tmut/Pois      33%        N/A       13%         5
 Petrify                  Tmut/Erth      36%        N/A       14%         4
 Gell's Gravitas          Tloc           17%        N/A       19%         3
 Teleport Other           Tloc           17%        N/A       19%         3
 Vampiric Draining        Necr           17%        2d7       19%         3
 Anguish                  Hex/Necr       14%        N/A       24%         4
 Animate Dead             Necr           8%         N/A       52%         4
 Metabolic Englaciation   Hex/Ice        14%        N/A       54%         5
 Agony                    Necr           17%        N/A       86%         5
 Borgnjor's Vile Clutch   Necr/Erth      8%         N/A       86%         5
 Orb of Destruction       Conj           40%        9d11      1%          7
 Starburst                Conj/Fire      28%        6d9       10%         6
 Spellforged Servitor     Conj/Summ      34%        N/A       11%         7
 Statue Form              Tmut/Erth      24%        N/A       91%         6
 Summon Hydra             Summ           27%        N/A       93%         7
 Dragon Form              Tmut           26%        N/A       96%         7
 Death Channel            Necr           8%         N/A       100%        6
 Dispersal                Tloc           8%         N/A       100%        6
 Simulacrum               Ice/Necr       8%         N/A       100%        6
 Enfeeble                 Hex            21%        N/A       100%        7
 Discord                  Hex            21%        N/A       100%        8
 Ignition                 Fire           8%         3d5       100%        8
 Dragon's Call            Summ           27%        N/A       100%        9
 Polar Vortex             Ice            8%         N/A       100%        9


Dungeon Overview and Level Annotations

Branches:
Dungeon (15/15)            Temple (1/1) D:6            Lair (6/6) D:9
 Shoals (1/4) Lair:4       Spider (4/4) Lair:2        Slime (0/5) Lair:6
    Orc (2/2) D:12            Elf (3/3) Orc:2        Vaults (4/5) D:13
  Crypt (0/3) Vaults:3     Depths (0/4) D:15        Ossuary (visited)
 Bailey (visited)         Volcano (visited)         Gauntlet (visited)

Altars:
Ashenzari
Cheibriados
Dithmenos
Elyvilon
Fedhas
Gozag
Hepliaklqana
Kikubaaqudgha
Makhleb
Nemelex Xobeh
Okawaru
Qazlal
Ru
Sif Muna
Trog
Uskayaw
Vehumet
Wu Jian
Xom
Yredelemnul
Zin
The Shining One
Jiyva

Shops:
D:2 *   Orc:2 !**(   Elf:1 !   Elf:2 *   Vaults:1 :(?   Vaults:3 =

Annotations:
D:8 1 runed translucent door, Hubris850's ghost, novice DEHu
D:14 exclusion: obsidian statue
Lair:6 3 runed translucent doors, relicbr's ghost, journeyman NaIE
Spider:1 1 runed translucent door, HuGe's ghost, journeyman MiBe
Elf:2 3 runed translucent doors


Innate Abilities, Weirdness & Mutations

You can breathe wild blasts of lightning.
Your glossy black scales are hard. (AC +10)
You cannot fit into any form of body armour.
Your large and strong wings let you fly.
You are resistant to electric shocks. (rElec)
You are cold-blooded and may be slowed by cold attacks.


Message History

Vehumet accepts your kill.
You feel your power returning. You block the orc warlord's attack.
Things that are here:
a +0 arbalest; a +0 great sword; a +0 chain mail You closely miss the orc warlord.
The orc warlord is lightly wounded.
The orc warlord hits you with a +2 great sword of draining!
You feel drained.
You hit the orc warlord but do no damage.
The orc warlord is electrocuted!
The orc warlord is moderately wounded.
The orc warlord hits you with a +2 great sword of draining!!!
You feel drained.
Casting: Lightning Bolt (safe; 1% risk of failure)
Confirm with . or Enter, or press ? or * to list all spells.
Aiming: Lightning Bolt (safe; 1% risk of failure)
Press: ? - help, Shift-Dir - straight line You feel a surge of power!
You hear a mighty clap of thunder!
The bolt of lightning hits the orc warlord but does no damage.
The orc warlord is moderately wounded.
The bolt of lightning hits the orc warlord!!
The orc warlord is heavily wounded.
The orc warlord hits you with a +2 great sword of draining!
You feel drained.
Casting: Lightning Bolt (safe; 1% risk of failure)
Confirm with . or Enter, or press ? or * to list all spells.
Aiming: Lightning Bolt (safe; 1% risk of failure)
Press: ? - help, Shift-Dir - straight line You feel a surge of power!
You hear a mighty clap of thunder!
The bolt of lightning hits the orc warlord.
The orc warlord is severely wounded.
The bolt of lightning hits the orc warlord but does no damage.
The orc warlord is severely wounded.
The orc warlord hits you with a +2 great sword of draining!!!
* * * LOW HITPOINT WARNING * * *
You feel drained.
You die...

##+## ......
########......
#......o).....
#.....@#......
#..>...# ...>.
#......# ....
#......# ...
#....(.# ##
#......#
######'#####
#.......#
########
#.......#
#.......


You could see an orc warlord (strong).

Vanquished Creatures
  A quicksilver dragon (Vaults:4)
  A sphinx (Vaults:3)
  A storm dragon (Vaults:2)
  A frost giant (Vaults:4)
  4 emperor scorpions
  A fire giant (D:15)
  4 ghost moths (Spider:4)
  2 orc warlords
  10 vault wardens
  Aizul (Spider:2)
  3 ironbound thunderhulks
  7 ironbound preservers
  3 very ugly things (Vaults:3)
  3 broodmothers
  3 war gargoyles (Vaults:2)
  A deep elf annihilator (Vaults:3)
  3 entropy weavers
  A spark wasp (Spider:2)
  A deep elf death mage (Elf:3)
  2 crystal guardians (Vaults:1)
  6 great orbs of eyes
  7 yaktaur captains
  5 boulder beetles
  4 hydras
  A vault guard (D:13)
  2 peacekeepers
  2 jorogumos (Spider:2)
  2 catoblepae
  4 two-headed ogres
  6 centaur warriors
  7 dancing weapons
  An ogre mage (Vaults:4)
  2 alligators (Lair:4)
  4 radroaches
  7 ironbound frosthearts
  4 orc high priests (Orc:2)
  3 tengu warriors (D:13)
  A death yak (Lair:4)
  A hell knight (Volcano)
  5 deep elf knights (Elf:1)
  Sonja (Lair:3)
  6 pharaoh ants
  A sun demon (Volcano)
  2 sun moths
  A fire crab (shapeshifter) (D:15)
  7 steelbarb worms
  A swamp dragon (Lair:4)
  12 deep elf archers
  26 deep trolls
  5 wizards
  10 orc knights
  12 deep elf zephyrmancers
  3 necromancers
  12 lindwurms
  18 deep elf pyromancers
  10 orb spiders
  13 harpies
  11 ironbound convokers
  19 wolf spiders
  A frost giant zombie (Vaults:4)
  8 cyclopes
  5 orc sorcerers
  22 ugly things
  A faun (Shoals:1)
  2 manticores (D:13)
  Maurice (Orc:1)
  An elephant (Lair:4)
  3 moths of wrath
  6 torpor snails
  12 vault sentinels
  5 black mambas
  13 cane toads
  3 komodo dragons
  An unseen horror (D:11)
  Maggie (D:7)
  37 yaktaurs
  7 demonic crawlers
  A freezing wraith (D:15)
  A tengu conjurer (D:13)
  3 meliai (D:13)
  5 merfolk
  A human skeleton (Vaults:4)
  5 trolls
  A queen bee (shapeshifter) (Vaults:3)
  A polar bear (D:14)
  4 hornets
  A dream sheep (Lair:5)
  A polar bear (shapeshifter) (Elf:1)
  32 tarantellas
  3 blink frogs (Lair:3)
  24 slime creatures
  A snapping turtle (Lair:4)
  An ettin zombie (Vaults:4)
  22 jumping spiders
  3 centaur simulacra (D:14)
  27 culicivoras
  3 water elementals
  7 wyverns
  23 yaks
  A wraith (D:10)
  20 humans (D:13)
  2 fire elementals (Elf:2)
  A hog (shapeshifter) (Elf:1)
  5 fire bats (Volcano)
  45 redbacks
  15 vampire mosquitoes
  4 basilisks
  A steam dragon (D:8)
  2 wargs (Orc:2)
  3 swamp worms (Lair:4)
  2 hell hounds (Lair:6)
  2 acid dragons (D:11)
  18 water moccasins
  17 orc warriors
  A swamp drake (Lair:4)
  2 sky beasts (D:7)
  3 black bears
  6 ogres
  15 centaurs
  4 small abominations (Gauntlet)
  7 wolves
  8 kobold brigands
  9 bullfrogs
  2 gnoll sergeants
  2 necrophages (D:9)
  An earth elemental (Elf:1)
  A scorpion (Spider:2)
  A wyvern zombie (D:9)
  5 wights (D:7)
  18 killer bees
  2 electric eels (Lair:1)
  5 lava snakes (Volcano)
  2 centaur zombies (D:9)
  4 hounds
  A human zombie (D:9)
  22 orc priests
  2 iron imps (D:14)
  Jessica (D:2)
  An iguana (D:5)
  25 orc wizards
  7 mummies
  3 howler monkey zombies (D:9)
  8 gnolls
  3 adders
  2 shadow imps (D:14)
  4 white imps
  A nameless horror (Ossuary)
  4 ufetubi
  2 dart slugs (D:2)
  32 orcs
  7 ball pythons
  5 endoplasms
  3 giant cockroaches
  A gnoll zombie (Ossuary)
  2 goblins
  5 hobgoblins
  3 jackals (D:1)
  A quokka (D:2)
  5 bats
  8 frilled lizards
  31 kobolds
  An orc zombie (Ossuary)
  9 rats
1031 creatures vanquished.

Vanquished Creatures (collateral kills)
  An emperor scorpion (Spider:2)
  A hydra (Lair:3)
  2 catoblepae
  An alligator (Lair:4)
  8 death yaks
  2 two-headed ogres
  A steelbarb worm (Spider:2)
  2 ugly things (Volcano)
  A cyclops (D:12)
  4 elephants (Lair:4)
  A guardian serpent (Lair:6)
  A vault sentinel (Vaults:4)
  2 black mambas
  A cane toad (Lair:6)
  A torpor snail (Lair:5)
  Psyche (D:10)
  5 komodo dragons
  An ice devil (Gauntlet)
  A red devil (Volcano)
  A polar bear (Lair:6)
  A queen bee (D:11)
  A slime creature (D:12)
  A tyrant leech (Lair:4)
  5 blink frogs
  6 dream sheep (Lair:5)
  9 yaks
  3 wyverns
  Eustachio (D:5)
  2 fire bats (Volcano)
  A vampire mosquito (D:12)
  An acid dragon (D:10)
  4 water moccasins
  A hell hound (Volcano)
  5 orc warriors
  11 wolves
  A phantom (D:4)
  2 centaurs (D:12)
  2 kobold brigands (D:11)
  A bullfrog (Lair:5)
  A gnoll sergeant (D:12)
  16 killer bees
  A lava snake (Volcano)
  A jelly (D:6)
  2 gnoll shamans
  A hound (D:5)
  An iguana (D:5)
  An orc wizard (D:9)
  4 mummies (Ossuary)
  9 gnolls
  3 adders
  2 white imps (Gauntlet)
  A worm (D:4)
  22 orcs
  An endoplasm (D:1)
  A giant cockroach (D:3)
  A gnoll zombie (Ossuary)
  3 goblins
  4 hobgoblins
  3 jackals (D:1)
  A ball python (D:3)
  A frilled lizard (D:3)
  A hobgoblin zombie (Ossuary)
  10 kobolds
  A kobold zombie (Ossuary)
  3 orc zombies (Ossuary)
191 creatures vanquished.

Vanquished Creatures (others)
  Gastronok (Lair:2)
  Snorg (Orc:2)
  Harold (D:9)
  2 hydras
  A two-headed ogre (D:11)
  An alligator (Lair:4)
  7 death yaks
  Urug (Lair:2)
  A wizard (Vaults:3)
  Pikel (D:5)
  A wolf spider (Lair:3)
  2 black mambas
  2 cane toads (Lair:6)
  A troll (D:9)
  A hornet (Lair:6)
  A shadow (D:11)
  3 wyverns
  11 yaks
  A basilisk (D:9)
  Edmund (D:5)
  5 water moccasins
  Pargi (D:3)
  3 orc warriors
  A wolf (Lair:3)
  An ogre (D:5)
  A phantom (D:5)
  2 lemures (D:5)
  A centaur (D:8)
  A kobold brigand (D:5)
  A bullfrog (D:9)
  3 killer bees
  2 iguanas
  Crazy Yiuf (D:3)
  2 gnolls (D:9)
  3 orcs
  8 bushes
  57 fungi
  110 plants
  5 toadstools (D:1)
249 creatures vanquished.

Grand Total: 1471 creatures vanquished

Notes
Turn   | Place    | Note
-------+----------+-------------------------------------------
     0 | D:1      | freelancePsychic the Draconian Summoner began the quest for
                  | the Orb.
     0 | D:1      | Reached XP level 1. HP: 14/14 MP: 3/3
   115 | D:1      | Reached XP level 2. HP: 19/20 MP: 1/5
   707 | D:1      | Reached XP level 3. HP: 26/26 MP: 6/6
  1086 | D:2      | Learned a level 3 spell: Call Canine Familiar
  1469 | D:2      | Found Doxit's General Store.
  1496 | D:2      | Reached skill level 5 in Summonings
  1759 | D:2      | Noticed Jessica
  1772 | D:2      | Killed Jessica
  1773 | D:2      | Reached XP level 4. HP: 23/33 MP: 5/8
  1886 | D:2      | Learned a level 3 spell: Summon Guardian Golem
  2631 | D:3      | Found a faded altar of an unknown god.
  3279 | D:3      | Found a runed translucent door.
  3280 | D:3      | Noticed Crazy Yiuf
  3302 | D:3      | Noticed Pargi
  3322 | D:3      | Killed Pargi
  3323 | D:3      | Reached skill level 1 in Fighting
  3323 | D:3      | Reached skill level 1 in Hexes
  3323 | D:3      | Reached XP level 5. HP: 40/40 MP: 7/9
  3682 | D:3      | Killed Crazy Yiuf
  3917 | D:4      | Noticed a phantom
  3946 | D:4      | Killed a phantom
  3947 | D:4      | Reached XP level 6. HP: 32/48 MP: 2/10
  4984 | D:5      | Entered Level 5 of the Dungeon
  4997 | D:5      | Reached skill level 1 in Air Magic
  5130 | D:5      | Noticed Pikel
  5151 | D:5      | Killed Pikel
  5152 | D:5      | Reached skill level 3 in Air Magic
  5152 | D:5      | Your scales start taking on a glossy black colour.
  5152 | D:5      | Reached XP level 7. HP: 39/57 MP: 6/12
  5152 | D:5      | Gained mutation: You are resistant to electric shocks.
                  | (rElec) [Black Draconian growth]
  5166 | D:5      | Reached skill level 4 in Air Magic
  5467 | D:5      | Learned a level 4 spell: Summon Lightning Spire
  5550 | D:5      | Found a shimmering altar of Xom.
  5568 | D:5      | Reached XP level 8. HP: 36/63 MP: 11/14
  5727 | D:5      | Found a broken altar of Ashenzari.
  5842 | D:5      | Found a shimmering blue altar of Sif Muna.
  5947 | D:5      | Reached skill level 5 in Air Magic
  6099 | D:5      | Found a shadowy altar of Dithmenos.
  6099 | D:5      | Found a snail-covered altar of Cheibriados.
  6291 | D:6      | Noticed Edmund
  6291 | D:6      | Found a staircase to the Ecumenical Temple.
  6301 | D:6      | Noticed Eustachio
  6311 | D:5      | Killed Edmund
  6430 | D:5      | Killed Eustachio
  6575 | Temple   | Entered the Ecumenical Temple
  6779 | Temple   | Became a worshipper of Vehumet
  7052 | D:5      | Reached skill level 6 in Air Magic
  7323 | D:6      | Reached skill level 1 in Conjurations
  8065 | D:7      | Reached skill level 5 in Spellcasting
  8068 | D:7      | Found a sand-covered staircase.
  8074 | Ossuary  | Entered an ossuary
  8187 | Ossuary  | Reached * piety under Vehumet
  8187 | Ossuary  | Offered knowledge of Foxfire by Vehumet.
  8192 | Ossuary  | Reached skill level 5 in Fighting
  8517 | D:7      | Reached XP level 9. HP: 68/74 MP: 16/16
  8690 | D:7      | Noticed Maggie
  8704 | D:7      | Killed Maggie
  8705 | D:7      | Reached skill level 7 in Air Magic
  9365 | D:7      | Identified a scroll of acquirement
  9366 | D:7      | Acquired the amulet "Reubuse" {Reflect rElec SH+5}
  9451 | D:8      | Found an ornate altar of the Wu Jian Council.
  9542 | D:8      | Found a runed translucent door.
  9542 | D:8      | Noticed Hubris850's ghost (novice DEHu)
  9580 | D:8      | Found a sacrificial altar of Ru.
  9583 | D:8      | Offered knowledge of Static Discharge by Vehumet.
  9586 | D:8      | Reached ** piety under Vehumet
  9590 | D:8      | Learned a level 2 spell: Static Discharge
  9775 | D:8      | Found an iron altar of Okawaru.
  9843 | D:8      | Found a flagged portal.
  9848 | Bailey   | Entered a bailey
 10100 | Bailey   | Reached skill level 8 in Air Magic
 10212 | Bailey   | Offered knowledge of Poisonous Vapours by Vehumet.
 10328 | D:8      | Reached *** piety under Vehumet
 10368 | D:8      | Reached XP level 10. HP: 82/84 MP: 14/19
 10772 | D:9      | Reached skill level 5 in Conjurations
 10808 | D:9      | Reached skill level 9 in Air Magic
 10808 | D:9      | Offered knowledge of Frozen Ramparts by Vehumet.
 10964 | D:9      | Found a staircase to the Lair.
 10969 | D:9      | Noticed Harold
 10983 | D:9      | Killed Harold
 11262 | D:9      | Reached **** piety under Vehumet
 11374 | D:9      | Offered knowledge of Flame Wave by Vehumet.
 11389 | D:9      | Found an ancient bone altar of Kikubaaqudgha.
 11629 | D:9      | Noticed a cyclops
 11948 | D:10     | Entered Level 10 of the Dungeon
 12013 | D:10     | Reached skill level 10 in Air Magic
 12013 | D:10     | Reached XP level 11. HP: 80/95 MP: 14/22
 12078 | D:10     | Noticed Psyche
 12086 | D:10     | Killed Psyche
 12553 | D:10     | Found a glowing silver altar of Zin.
 12584 | D:10     | Found an opulent altar of Gozag.
 12989 | D:11     | Noticed a two-headed ogre
 13009 | D:11     | Killed a two-headed ogre
 13096 | D:11     | Noticed a two-headed ogre
 13111 | D:11     | Killed a two-headed ogre
 13290 | D:11     | Noticed an orc knight
 13308 | D:11     | Killed an orc knight
 13741 | D:11     | Reached skill level 11 in Air Magic
 13742 | D:11     | Reached ***** piety under Vehumet
 13853 | D:11     | Offered knowledge of Olgreb's Toxic Radiance by Vehumet.
 14085 | Lair:1   | Entered Level 1 of the Lair of Beasts
 14086 | Lair:1   | Noticed a five-headed hydra
 14099 | Lair:1   | Killed a five-headed hydra
 14196 | Lair:1   | Noticed a four-headed hydra
 14233 | Lair:1   | Reached XP level 12. HP: 75/106 MP: 11/24
 14236 | Lair:1   | Killed a four-headed hydra
 14247 | Lair:1   | Reached skill level 10 in Fighting
 15026 | Lair:2   | Noticed Urug
 15040 | Lair:2   | Killed Urug
 15081 | Lair:2   | Reached skill level 5 in Dodging
 15239 | Lair:2   | Noticed Gastronok
 15267 | Lair:2   | Killed Gastronok
 15313 | Lair:2   | Found a hole to the Spider Nest.
 15781 | Lair:3   | Noticed a four-headed hydra
 15781 | Lair:3   | Noticed a catoblepas
 15854 | Lair:3   | Noticed an eight-headed hydra
 15861 | Lair:3   | Killed an eight-headed hydra
 15977 | Lair:3   | Learned a level 4 spell: Olgreb's Toxic Radiance
 16036 | Lair:3   | Noticed Sonja
 16043 | Lair:3   | Killed Sonja
 16044 | Lair:3   | Reached skill level 1 in Poison Magic
 16358 | Lair:3   | Killed a four-headed hydra
 16368 | Lair:3   | Killed a catoblepas
 17108 | Lair:4   | Reached XP level 13. HP: 79/116 MP: 18/26
 17120 | Lair:4   | Found a staircase to the Shoals.
 17401 | Lair:4   | Reached skill level 12 in Air Magic
 17402 | Lair:4   | Reached skill level 10 in Spellcasting
 17445 | Lair:4   | Found a gate leading to a gauntlet.
 17453 | Gauntlet | Entered a Gauntlet
 17453 | Gauntlet | Found a transporter.
 17453 | Gauntlet | Found a transporter.
 17486 | Gauntlet | Found a transporter.
 17486 | Gauntlet | Found a transporter.
 17488 | Gauntlet | Found a large runed translucent door.
 17489 | Gauntlet | Found a large runed translucent door.
 17490 | Gauntlet | Found a large runed translucent door.
 17490 | Gauntlet | Found a large runed translucent door.
 17490 | Gauntlet | Found a runed translucent door.
 17490 | Gauntlet | Found a runed translucent door.
 17491 | Gauntlet | Found a large runed translucent door.
 17491 | Gauntlet | Found a large runed translucent door.
 17491 | Gauntlet | Found a large runed translucent door.
 17491 | Gauntlet | Found a large runed translucent door.
 17492 | Gauntlet | Found a large runed translucent door.
 17493 | Gauntlet | Found a large runed translucent door.
 17493 | Gauntlet | Found a transporter.
 17506 | Gauntlet | Found a large runed translucent door.
 17506 | Gauntlet | Found a large runed translucent door.
 17507 | Gauntlet | Found a large runed translucent door.
 17507 | Gauntlet | Found a large runed translucent door.
 17507 | Gauntlet | Found a large runed translucent door.
 17507 | Gauntlet | Found a large runed translucent door.
 17510 | Gauntlet | Found a runed translucent gate.
 17510 | Gauntlet | Found a runed translucent gate.
 17510 | Gauntlet | Found a runed translucent gate.
 17512 | Gauntlet | Found a transporter.
 17521 | Gauntlet | Noticed a blizzard demon
 17522 | Gauntlet | Found a transporter.
 17522 | Gauntlet | Found a transporter.
 17525 | Gauntlet | Found a transporter.
 17552 | Gauntlet | Found a transporter.
 17561 | Gauntlet | Found a transporter.
 17583 | Gauntlet | Found a transporter.
 17617 | Gauntlet | Found a transporter.
 17631 | Gauntlet | Found a transporter.
 17734 | Gauntlet | Found a transporter.
 17750 | Gauntlet | Found a transporter.
 17964 | Gauntlet | Identified the ring of Wocurruin {rF+ Str+4}
 17971 | Gauntlet | HP: 2/116 [blizzard demon] (10)]
 18109 | Gauntlet | Noticed a minotaur
 18124 | Gauntlet | HP: 4/116 [something (36)]
 18129 | Gauntlet | Identified the +7 war axe of Famn {vamp, rC+}
 18129 | Gauntlet | Identified the +7 short sword "Niukapp" {venom, rC+ rCorr
                  | Str+10 Int-2}
 19681 | Lair:5   | Reached skill level 13 in Air Magic
 19762 | Lair:5   | Reached skill level 10 in Conjurations
 20316 | Lair:5   | Identified the +2 ring mail "Meraes" {rPois Str+5 Int+3
                  | Stlth-}
 20541 | Lair:5   | Offered knowledge of Irradiate by Vehumet.
 20568 | Lair:5   | Learned a level 5 spell: Irradiate
 21040 | Lair:6   | Entered Level 6 of the Lair of Beasts
 21096 | Lair:6   | Reached skill level 1 in Transmutations
 21102 | Lair:6   | Gained mutation: Your large and strong wings let you fly.
                  | [Black Draconian growth]
 21102 | Lair:6   | Reached XP level 14. HP: 113/126 MP: 13/28
 21150 | Lair:6   | Found a dark tunnel.
 21218 | Volcano  | Entered a volcano
 21535 | Volcano  | Found a burning altar of Makhleb.
 21558 | Volcano  | Found a burning altar of Makhleb.
 22243 | Lair:6   | Found a runed translucent gate.
 22243 | Lair:6   | Found a runed translucent gate.
 22243 | Lair:6   | Found a runed translucent gate.
 22243 | Lair:6   | Noticed an azure jelly
 22244 | Lair:6   | Noticed an azure jelly
 22435 | Lair:6   | Found a staircase to the Slime Pits.
 22436 | Lair:6   | Found a viscous altar of Jiyva.
 22522 | Lair:6   | Reached skill level 14 in Air Magic
 22612 | Lair:6   | Offered knowledge of Yara's Violent Unravelling by Vehumet.
 22620 | Lair:6   | Learned a level 5 spell: Yara's Violent Unravelling
 22744 | Lair:6   | Reached skill level 5 in Transmutations
 23059 | Lair:6   | Noticed an acid blob
 23059 | Lair:6   | Noticed an acid blob
 23060 | Lair:6   | Noticed relicbr's ghost (journeyman NaIE)
 23060 | Lair:6   | Noticed an azure jelly
 23154 | Lair:6   | Noticed an azure jelly
 23156 | Lair:6   | Noticed an azure jelly
 23156 | Lair:6   | Noticed an azure jelly
 23158 | Lair:6   | Found a viscous altar of Jiyva.
 23158 | Lair:6   | Noticed an acid blob
 23158 | Lair:6   | Noticed an azure jelly
 23455 | D:11     | Reached ****** piety under Vehumet
 23606 | D:12     | Found a staircase to the Orcish Mines.
 24425 | D:13     | Identified the +1 robe of the Dwarven Hall {rC+ Int+4}
 24516 | Orc:1    | Entered Level 1 of the Orcish Mines
 24522 | Orc:1    | Reached XP level 15. HP: 134/134 MP: 24/29
 24533 | Orc:1    | Reached skill level 10 in Dodging
 24960 | Orc:2    | Entered Level 2 of the Orcish Mines
 24960 | Orc:2    | Found a staircase to the Elven Halls.
 24968 | Orc:2    | Noticed Maurice
 24978 | Orc:1    | Killed Maurice
 25166 | Orc:2    | Offered knowledge of Freezing Cloud by Vehumet.
 25282 | Orc:2    | Noticed Snorg
 25298 | Orc:2    | Killed Snorg
 25395 | Orc:2    | Found a shimmering blue altar of Sif Muna.
 25943 | Orc:2    | Found Sihud's Weapon Shoppe.
 25947 | Orc:2    | Found Losyloeth's General Store.
 25948 | Orc:2    | Found Teics's Distillery.
 25951 | Orc:2    | Found Sukhab's General Store.
 25965 | Orc:2    | Bought a potion of invisibility for 120 gold pieces
 25966 | Orc:2    | Bought a potion of brilliance for 56 gold pieces
 25966 | Orc:2    | Bought a potion of magic for 112 gold pieces
 25966 | Orc:2    | Bought 2 potions of brilliance for 112 gold pieces
 25966 | Orc:2    | Bought a potion of ambrosia for 112 gold pieces
 25967 | Orc:2    | Bought a scroll of blinking for 112 gold pieces
 25967 | Orc:2    | Bought a scroll of blinking for 112 gold pieces
 25967 | Orc:2    | Bought a scroll of teleportation for 45 gold pieces
 25967 | Orc:2    | Bought a potion of invisibility for 120 gold pieces
 26394 | Elf:1    | Entered Level 1 of the Elven Halls
 26545 | Elf:1    | Found Edirerua's Distillery.
 26561 | Elf:1    | Bought a potion of brilliance for 64 gold pieces
 26561 | Elf:1    | Bought a potion of resistance for 160 gold pieces
 26561 | Elf:1    | Bought a potion of invisibility for 128 gold pieces
 26561 | Elf:1    | Bought a potion of brilliance for 64 gold pieces
 26561 | Elf:1    | Bought a potion of haste for 160 gold pieces
 26561 | Elf:1    | Bought a potion of resistance for 160 gold pieces
 26561 | Elf:1    | Bought a potion of curing for 48 gold pieces
 26561 | Elf:1    | Bought a potion of curing for 48 gold pieces
 27178 | Elf:1    | Identified the +8 dagger "Zats" {freeze, Str+8 Int-2}
 27962 | Elf:2    | Offered knowledge of Lightning Bolt by Vehumet.
 27963 | Elf:2    | Reached skill level 1 in Shields
 27973 | Elf:1    | Learned a level 5 spell: Lightning Bolt
 28841 | Elf:2    | Found a runed translucent gate.
 28841 | Elf:2    | Found a runed translucent gate.
 28841 | Elf:2    | Found a runed translucent gate.
 28890 | Elf:2    | Found Istruvy's General Store.
 28893 | Elf:2    | Bought a potion of brilliance for 64 gold pieces
 28893 | Elf:2    | Bought a scroll of enchant armour for 120 gold pieces
 29039 | Elf:3    | Entered Level 3 of the Elven Halls
 29043 | Elf:3    | Reached skill level 5 in Shields
 29043 | Elf:3    | Reached XP level 16. HP: 146/146 MP: 30/30
 29147 | Elf:3    | Noticed a deep elf master archer
 29518 | D:13     | Reached skill level 15 in Air Magic
 29836 | D:13     | Reached XP level 17. HP: 144/152 MP: 31/31
 30363 | D:13     | Reached skill level 5 in Poison Magic
 30499 | D:13     | Found a gate to the Vaults.
 31133 | D:14     | Offered knowledge of Ozocubu's Refrigeration by Vehumet.
 31755 | D:15     | Entered Level 15 of the Dungeon
 32065 | D:15     | Found a staircase to the Depths.
 32964 | Spider:1 | Entered Level 1 of the Spider Nest
 33276 | Spider:1 | Offered knowledge of Maxwell's Capacitive Coupling by
                  | Vehumet.
 33277 | Spider:1 | Reached skill level 15 in Fighting
 33287 | Spider:1 | Learned a level 8 spell: Maxwell's Capacitive Coupling
 33364 | Spider:1 | Found a runed translucent door.
 33364 | Spider:1 | Noticed HuGe's ghost (journeyman MiBe)
 34432 | Spider:2 | Paralysed by a hornet for 3 turns
 35007 | Spider:2 | Reached skill level 16 in Air Magic
 35394 | Spider:2 | Identified the +7 quarterstaff "Ceohame" {distort, rC-
                  | Will++ rCorr Str+2 Dex+2}
 35472 | Spider:2 | Offered knowledge of Fire Storm by Vehumet.
 35472 | Spider:2 | Offered knowledge of Shatter by Vehumet.
 35472 | Spider:2 | Offered knowledge of Chain Lightning by Vehumet.
 35488 | Spider:2 | Noticed Aizul
 35507 | Spider:2 | Killed Aizul
 35508 | Spider:2 | Reached XP level 18. HP: 96/163 MP: 18/33
 37010 | Spider:4 | Entered Level 4 of the Spider Nest
 37268 | Spider:4 | Reached skill level 17 in Air Magic
 37902 | Spider:4 | Reached skill level 10 in Shields
 38692 | Spider:4 | Got a gossamer rune of Zot
 38694 | Spider:4 | Identified the +0 pair of gloves "Bexig" {+Inv Will+}
 39068 | Shoals:1 | Entered Level 1 of the Shoals
 39497 | Vaults:1 | Entered Level 1 of the Vaults
 39682 | Vaults:1 | Reached skill level 18 in Air Magic
 39810 | Vaults:1 | Found Conod's Book Boutique.
 39827 | Vaults:1 | Bought a book of Air for 242 gold pieces
 40355 | Vaults:1 | Found Mec Ifobb's Magic Scroll Shop.
 40361 | Vaults:1 | Bought a scroll of blinking for 127 gold pieces
 40361 | Vaults:1 | Bought a scroll of teleportation for 51 gold pieces
 40361 | Vaults:1 | Bought a scroll of blinking for 127 gold pieces
 40361 | Vaults:1 | Bought a scroll of magic mapping for 59 gold pieces
 40361 | Vaults:1 | Bought a scroll of fog for 34 gold pieces
 40989 | Vaults:1 | Learned a level 9 spell: Chain Lightning
 41106 | Vaults:1 | Found Qoecobry's Antique Weapon Shop.
 41399 | Vaults:2 | Reached XP level 19. HP: 166/170 MP: 35/35
 41729 | Vaults:2 | Reached skill level 19 in Air Magic
 42795 | Vaults:2 | Reached skill level 15 in Conjurations
 44459 | Vaults:3 | Found a staircase to the Crypt.
 44459 | Vaults:3 | Found an ancient bone altar of Kikubaaqudgha.
 44522 | Vaults:3 | Found a basalt altar of Yredelemnul.
 44700 | Vaults:3 | Reached skill level 20 in Air Magic
 44808 | Vaults:3 | Found Hogiosch's Jewellery Shoppe.
 46040 | Vaults:4 | Reached XP level 20. HP: 153/178 MP: 22/36
 46520 | Vaults:4 | Demolished by an orc warlord

Illustrated notes

Levels and vault maps discovered:
D:1:      ldierk_walled_garden, layout_loops_ring
D:2:      layout_basic, serial_shops, nicolae_diamond_shop,
          kennysheep_jessica_study
D:3:      layout_loops_ring, nicolae_ecumenical_oubliette, uniq_pargi,
          uniq_crazy_yiuf_cottage
D:4:      layout_loops_ring
D:5:      layout_loops_cross, kennysheep_mini, gammafunk_temple_overflow_pools,
          mainiacjoe_overflow_two_lobes, uniq_pikel
D:6:      layout_loops_cross, minmay_temple_entry_statues_fountains,
          uniq_edmund, uniq_eustachio
D:7:      layout_basic, serial_aquarium, aquarium_bridge_long_joined
          [aquarium_subvault_bridge, aquarium_subvault_wall,
          aquarium_subvault_bridge, aquarium_subvault_wall,
          aquarium_subvault_bridge, aquarium_subvault_wall], aquarium_window_1,
          aquarium_window_corridor_2, aquarium_window_fake, aquarium_view_2g,
          aquarium_pool_double, enter_ossuary_1,
          hangedman_abyss_or_decor_stagger, dreamdust_wishing_well,
          mrwooster_statue_mirror, uniq_maggie
D:8:      layout_basic, mainiacjoe_overflow_catwalk_spiral,
          nicolae_ru_great_annihilating_truth, enter_bailey_1,
          gammafunk_ghost_grave
D:9:      layout_loops_ring, lemuel_mausoleum_altar_kikubaaqudgha,
          minmay_lair_entry_grove, lightli_corner_chamber, uniq_harold
D:10:     layout_roguey, pdpol_temple_overflow_zin_treasury_gozag_greed,
          minivault_26, uniq_psyche
D:11:     layout_basic, special_room [special_room_bee], minmay_hedge_maze,
          minmay_quadrilaterals
D:12:     layout_loops_ring, orc_0_dummy
D:13:     layout_roguey, grunt_vaults_entry_tiered
D:14:     kennysheep_kobold_grotto, layout_basic, serial_ice, serial_ice_l,
          serial_ice_m, serial_ice_e, serial_ice_o, nicolae_elevator_lobby_plus
D:15:     grunt_enter_depths_giant_problem, layout_loops_cross
Temple:   grunt_temple_mini_profane
Lair:1:   layout_regular_city, serial_bayou_shore_b, grunt_megastairs_4,
          serial_bayou_shore_a
Lair:2:   layout_chaotic_city, spider_nest_entry_a, lemuel_fruit_tree,
          uniq_urug, uniq_gastronok
Lair:3:   layout_regular_city, nicolae_lair_run_with_the_wolves,
          grunt_megastairs_3, infiniplex_staircase_pool_2, uniq_sonja
Lair:4:   onia_ninara_swampy_vault, layout_hall_layers,
          elwin_shoals_entry_rocks, gauntlet_entry_generic,
          infiniplex_staircase_pool
Lair:5:   layout_cellular_growth
Lair:6:   hangedman_lair_tendril_chambers, layout_gridlike, slime_altar_1,
          gammafunk_ghost_ooze, enter_volcano_3
Shoals:1: layout_shoals
Spider:1: layout_spider_delve, hellmonk_ghost_happy_afterlife
Spider:2: nicolae_spider_corner, nicolae_spider_paper_wasps, uniq_aizul
Spider:3: layout_spider_delve
Spider:4: grunt_spider_rune_parallel
Orc:1:    layout_caves
Orc:2:    st_orc_mages, layout_caves, kennysheep_orc_sif_temple, uniq_maurice,
          uniq_snorg
Elf:1:    elf_arrival_002, layout_gridlike, serial_shops, nicolae_shop_crystal,
          hangedman_corner_corridor, corexii_hall_statues_s
Elf:2:    elven_hall_of_blades_hangedman_original [nicolae_blade_tridents],
          layout_onion_city, serial_shops, nicolae_shop_behind_doors,
          dk_noncrumbling_2
Elf:3:    grunt_elf_hall_branching, layout_onion_city, serial_shops, shop,
          fake_guardian_serpent_vault
Vaults:1: vaults_dpeg_hooks, vaults_standard_mumra_lines,
          vaults_standard_mumra_x, nicolae_vaults_diagonal_hallway_8,
          vaults_mumra_chevron_long, vaults_dpeg_ring,
          vaults_room_grunt_arrival_ludios, nicolae_vaults_specimen_jars,
          vaults_dpeg_diagonal, vaults_room_stairs_pillars,
          layout_vaults_omnigrid, serial_shops, nicolae_shop_window_shopping,
          shop, shop
Vaults:2: ontoclasm_vaults_shuriken, v_alt_pattern_6, ontoclasm_vaults_hangar,
          v_rooms_2, v_misc_8, grunt_vaults_focal, v_pattern_1,
          nicolae_vaults_sealed_display, nicolae_vaults_diagonal_hallway_7,
          vaults_dpeg_encased_lava, layout_vaults_chaotic_city
Vaults:3: v_misc_19, nicolae_vaults_mini_display_case, vaults_room_large_hall,
          hangedman_vaults_snaps, grunt_vaults_funnel, v_misc_27,
          nicolae_vaults_halls_meeting, minmay_crypt_entry_necro_gods,
          nicolae_vaults_yaktaur_gun_rack, nicolae_vaults_little_squares_6,
          grunt_vaults_twisty, layout_vaults_maze_bifur, serial_shops, shop
Vaults:4: nicolae_vaults_quadrants, vaults_dpeg_doors,
          nicolae_vaults_diagonal_hallway_8, vaults_room_boxed,
          vaults_room_octagon, ontoclasm_vaults_decontamination,
          vaults_room_grid, nicolae_vaults_little_squares_4,
          ontoclasm_vaults_gateway, layout_vaults_ring

Skill      XL: |  1  2  3  4  5  6  7  8  9 10 11 12 13 14 15 16 17 18 19 20 |
---------------+-------------------------------------------------------------+-----
Summonings     | 5 6 7 |  7.4
Spellcasting   | 3 4 5 6 7 8 9 10 11 12 13 | 13.0
Fighting       | 1 2 3 5 6 8 9 11 12 14 15 | 15.0
Hexes          | 1 2 4 |  4.5
Air Magic      | 3 4 6 8 10 11 13 14 15 16 18 20 | 20.5
Conjurations   | 2 4 6 8 10 11 13 14 15 16 | 16.0
Dodging        | 2 4 6 8 9 10 11 | 11.2
Poison Magic   | 4 5 |  5.4
Transmutations | 1 5 7 |  7.0
Shields        | 5 9 11 12 | 12.9
Stealth        | |  1.7

Action                   |  1- 3 |  4- 6 |  7- 9 | 10-12 | 13-15 | 16-18 | 19-21 || total
-------------------------+-------+-------+-------+-------+-------+-------+-------++-------
Melee: Dagger            |   157 |   126 |   152 |   331 |   661 |   208 |       ||  1635
       Unarmed           |     7 |       |       |       |       |       |       ||     7
       Tailslap          |    22 |    19 |    19 |    59 |   132 |    81 |    21 ||   353
       Punch             |       |     2 |     3 |     3 |     5 |       |       ||    13
       Staff             |       |       |       |       |       |   169 |    88 ||   257
 Cast: Summon Small Mamm |    17 |    13 |     2 |       |       |       |       ||    32
       Call Canine Famil |       |    12 |    19 |    26 |    53 |       |       ||   110
       Summon Guardian G |       |     6 |    19 |    45 |    54 |       |       ||   124
       Summon Lightning  |       |       |    17 |    35 |    55 |       |     2 ||   109
       Static Discharge  |       |       |    15 |    50 |     5 |       |       ||    70
       Irradiate         |       |       |       |       |    75 |   138 |    46 ||   259
       Olgreb's Toxic Ra |       |       |       |       |    52 |   239 |    23 ||   314
       Yara's Violent Un |       |       |       |       |    23 |     4 |       ||    27
       Lightning Bolt    |       |       |       |       |    14 |   130 |   140 ||   284
       Maxwell's Capacit |       |       |       |       |       |    12 |    11 ||    23
 Abil: Breathe Lightning |       |       |       |     4 |     1 |     3 |     2 ||    10
Evoke: Wand              |       |       |       |     1 |       |       |     1 ||     2
  Use: Scroll            |       |       |    18 |    13 |    13 |     8 |     1 ||    53
       Potion            |       |       |       |     1 |     9 |     5 |       ||    15
 Stab: Sleeping          |     6 |     4 |     3 |     2 |     3 |       |       ||    18
       Distracted        |       |     2 |     6 |     6 |    13 |     3 |       ||    30
       Petrified         |       |       |       |     6 |       |       |       ||     6
Armor: Skin              |    57 |    36 |    79 |   172 |   330 |   252 |    76 ||  1002
Dodge: Dodged            |   119 |    76 |   146 |   271 |   605 |   430 |   143 ||  1790
Block: Buckler           |       |       |       |       |       |    37 |       ||    37
       Kite shield       |       |       |       |       |       |   551 |   223 ||   774
       Reflection        |       |       |       |       |       |    38 |    36 ||    74

Table legend: (Time is in decaauts)
 A = Elapsed time spent in this place.
 B = Non-inter-level travel time spent in this place.
 C = Inter-level travel time spent in this place.
 D = Time resting spent in this place.
 E = Time spent auto-exploring this place.
 F = Levels seen in this place.
 G = Mean time per level.
                   A        B        C        D        E       F      G
               +--------+--------+--------+--------+--------+-----+--------+
         Total |  46757 |  44277 |   2480 |   2390 |  32510 |  40 | 1168.9 |
       Dungeon |  17626 |  16580 |   1046 |    276 |  13116 |  15 | 1175.1 |
        Temple |    216 |    179 |     37 |      0 |    175 |   1 |  216.0 |
          Lair |   8623 |   7983 |    640 |    489 |   5461 |   6 | 1437.2 |
        Shoals |     30 |     30 |      0 |      0 |      0 |   1 |   30.0 |
   Spider Nest |   6108 |   5857 |    251 |    515 |   4097 |   4 | 1527.0 |
  Orcish Mines |   1940 |   1828 |    112 |    189 |   1171 |   2 |  970.0 |
   Elven Halls |   3102 |   2842 |    260 |    426 |   1901 |   3 | 1034.0 |
        Vaults |   7059 |   6929 |    130 |    299 |   5474 |   4 | 1764.8 |
       Ossuary |    428 |    428 |      0 |     10 |    298 |   1 |  428.0 |
        Bailey |    463 |    463 |      0 |      0 |    341 |   1 |  463.0 |
       Volcano |    477 |    477 |      0 |     67 |    144 |   1 |  477.0 |
      Gauntlet |    677 |    677 |      0 |    119 |    331 |   1 |  677.0 |
               +--------+--------+--------+--------+--------+-----+--------+

Top non-repeatable levels by time:
Vaults:3: 2232 daAuts
  Lair:4: 2201 daAuts
Vaults:1: 1889 daAuts
     D:5: 1877 daAuts
Vaults:2: 1864 daAuts
   Elf:1: 1808 daAuts
Spider:2: 1798 daAuts
Spider:3: 1712 daAuts
     D:2: 1601 daAuts
  Lair:6: 1570 daAuts
  Lair:5: 1562 daAuts
Spider:4: 1529 daAuts
    D:13: 1519 daAuts
   Orc:2: 1344 daAuts
    D:11: 1323 daAuts
